 Seeded DCSS version 0.29-a0-284-gf9362112df (webtiles) character file.

Game seed: 172917291729 (custom seed)

194 Grorgnorb the Shield-Bearer (level 6, 0/41 HPs)
             Began as a Djinni Wanderer on Mar 22, 2022.
             Was a Follower of Hepliaklqana.
             Slain by an ogre
             ... wielding a +0 giant club
              (19 damage)
             ... on level 4 of the Dungeon.
             The game lasted 00:21:21 (3357 turns).

Grorgnorb the Shield-Bearer (Djinni Wanderer)       Turns: 3357, Time: 00:21:22

Health: 0/41       AC:  7    Str:  8    XL:     6   Next: 3%
Gold:   146        EV: 12    Int: 15    God:    Hepliaklqana [*.....] SH:  5 Dex: 16

rFire   + + .      SeeInvis .   a - +1 dagger (venom)
rCold   x . .      Faith    +   e - +0 buckler {AC+3}
rNeg    . . .      Spirit   .   d - +0 robe
rPois   ∞          Reflect  .   p - +0 helmet
rElec   .          Harm     .   b - +0 cloak
rCorr   .          Rampage  .   (no gloves)
Will    .....                   (boots unavailable)
Stlth   +.........              A - amulet of faith
HPRegen 0.13/turn               (no ring)
MPRegen 0.00/turn               (no ring)

@: flying
A: reduced essence, sickness immunity, fire resistance 2, cold vulnerability 1,
float, innate caster, HP casting, extra vitality 1
a: Renounce Religion, Recall Ancestor, Ancestor Identity


You were on level 4 of the Dungeon.
You worshipped Hepliaklqana.
Hepliaklqana was aware of your devotion.
You visited 1 branch of the dungeon, and saw 4 of its levels.

You collected 146 gold pieces.

Inventory:

Hand Weapons
 a - a +1 dagger of venom (weapon)
 k - a +0 short sword
 s - a +0 dagger
 t - a +0 dagger of draining
 w - a +0 trident
 y - a +1 short sword of draining
 C - a +4 hunting sling of freezing
Missiles
 f - 92 stones
 j - 2 silver boomerangs
 v - 8 poisoned darts (quivered)
 z - 7 boomerangs
Armour
 b - a +0 cloak (worn)
 d - a +0 robe (worn)
 e - a +0 buckler of protection (worn)
 o - a +0 ring mail
 p - a +0 helmet (worn)
 B - a +0 leather armour
Jewellery
 A - an amulet of faith (around neck)
Wands
 u - a wand of flame (3)
Scrolls
 c - a scroll of silence
 g - 2 scrolls of vulnerability
 i - a scroll of fog
 l - 3 scrolls of teleportation
 m - a scroll of enchant weapon {unknown}
 r - a scroll of enchant armour {unknown}
 x - a scroll of immolation
Potions
 h - 2 potions of heal wounds
 n - a potion of lignification {unknown}
 q - 2 potions of curing
 D - a potion of mutation {unknown}


   Skills:
 - Level 3.4 Fighting
 + Level 2.2 Short Blades
 + Level 2.1 Armour
 - Level 3.0 Dodging
 - Level 4.0 Shields
 * Level 2.1 Spellcasting


You had 6 spell levels left.
You knew the following spells:

 Your Spells              Type           Power      Damage    Failure   Level
a - Apportation           Tloc           16%        N/A       12%         1
b - Searing Ray           Conj           16%        2d5       17%         2
Your spell library was empty.

Dungeon Overview and Level Annotations

Branches:
Dungeon (4/15)
 Temple: D:4-7

Altars:
Hepliaklqana
Beogh

Annotations:
D:4 3 runed translucent doors, pickled's ghost, weakling GnDe


Innate Abilities, Weirdness & Mutations

Your life essence is reduced to manifest your ancestor. (-10% HP)
You are immune to sickness and miasma.
You are immune to poison.
Your flesh is very heat resistant. (rF++)
You are vulnerable to cold. (rC-)
You float through the air rather than walking.
You learn spells naturally, not from books.
Your magical power is your life essence.
You have superior vitality. (+4 MHP)


Message History

A hobgoblin and an endoplasm come into view.
The endoplasm quivers.
The hobgoblin shouts!
You hear a shout!
The endoplasm hits you but does no damage.
You hit the endoplasm.
The endoplasm is severely wounded.
You hit the endoplasm.
You kill the endoplasm!
You hit the hobgoblin.
The hobgoblin is poisoned.
The hobgoblin is severely wounded.
You kill the hobgoblin!
Unknown command.
Throw: 10 darts (poison)
Press: ? - help, Q - select action, (/) - cycle Shift-Dir - straight line, f - ogre
Aim: an ogre, wielding a +0 giant club (ally target, 75% to hit)
You throw a poisoned dart. The poisoned dart hits the ogre.
Throw: 9 darts (poison)
Press: ? - help, Q - select action, (/) - cycle Shift-Dir - straight line, f/p - ogre
Aim: an ogre, wielding a +0 giant club (ally target, 75% to hit)
You throw a poisoned dart. The poisoned dart hits the ogre.
Unknown command.
Casting: Apportation (safe; 12% risk of failure)
Confirm with . or Enter, or press ? or * to list all spells.
Aiming: Searing Ray (safe; 17% risk of failure)
Press: ? - help, Shift-Dir - straight line, f/p - ogre
Aim: an ogre, wielding a +0 giant club (ally target, 89% to hit)
The searing ray hits the ogre.
The ogre is lightly wounded. (Press . to maintain the ray.) Unknown command.
The searing ray hits the ogre.
The ogre is moderately wounded.
The searing ray hits the ogre!
The ogre is severely wounded.
The ogre hits you with a +0 giant club!
The searing ray hits the ogre.
The ogre is severely wounded.
You finish channelling your searing ray.
The ogre hits you with a +0 giant club!!
You die...

#####..#######....#..........#
###..### ##....###.......##
.....# #...## ##.......##
...(..###...# ##......... O.
.(.. ##..###.......... ###
#..# #...#.#.#....... #...
#...###.........
#.O##.........#.###.
#..@R........####
##############


You could see the friendly Kirsten Dunst the ancestor and an ogre (ally target).

Vanquished Creatures
  An orc priest (D:3)
  Jessica (D:3)
  Terence (D:3)
  4 adders (D:3)
  3 dart slugs
  9 orcs (D:3)
  5 endoplasms
  3 giant cockroaches
  4 goblins
  5 hobgoblins
  8 kobolds
  6 quokkas
  6 ball pythons
  2 bats
  2 frilled lizards (D:1)
  3 rats
63 creatures vanquished.

Vanquished Creatures (others)
  7 plants (D:2)
7 creatures vanquished.

Grand Total: 70 creatures vanquished

Notes
Turn   | Place    | Note
-------+----------+-------------------------------------------
     0 | D:1      | Grorgnorb the Djinni Wanderer began the quest for the Orb.
     0 | D:1      | Reached XP level 1. HP: 18/18 MP: 0/0
   174 | D:1      | Reached XP level 2. HP: 23/23 MP: 0/0
   188 | D:1      | You are sucked into a shaft and drop 1 floor!
   545 | D:1      | Reached XP level 3. HP: 29/29 MP: 0/0
   545 | D:1      | Learned a level 1 spell: Apportation
   631 | D:1      | Reached skill level 1 in Short Blades
  1538 | D:2      | Found a faded altar of an unknown god.
  1979 | D:3      | Noticed Jessica
  1997 | D:3      | Killed Jessica
  1998 | D:3      | Reached skill level 1 in Armour
  1998 | D:3      | Reached XP level 4. HP: 33/35 MP: 0/0
  2115 | D:3      | Reached XP level 5. HP: 40/40 MP: 0/0
  2115 | D:3      | Learned a level 2 spell: Searing Ray
  2447 | D:3      | Noticed Terence
  2454 | D:3      | Killed Terence
  2814 | D:3      | Reached XP level 6. HP: 46/46 MP: 0/0
  3146 | D:2      | Prayed at the altar of an unknown god.
  3146 | D:2      | Became a worshipper of Hepliaklqana the Forgotten
  3146 | D:2      | Reached * piety under Hepliaklqana
  3259 | D:4      | Found a runed translucent gate.
  3260 | D:4      | Found a runed translucent gate.
  3260 | D:4      | Found a runed translucent gate.
  3260 | D:4      | Noticed pickled's ghost (weakling GnDe)
  3263 | D:4      | Identified the +1 chain mail "Duberph" {rC+ Regen+ Int-3
                  | Slay+2}
  3318 | D:4      | Noticed an ogre
  3357 | D:4      | Slain by an ogre

Illustrated notes

Levels and vault maps discovered:
D:1:      amcnicky_arrival_abandoned_market, layout_rooms, st_stairs_1
D:2:      layout_loops_ring, shapermc_ecumenical_altar_hornbeckon
D:3:      layout_rooms, minmay_three_crescents, uniq_jessica, uniq_terence
D:4:      layout_layer_cave, dancing_weapons_uskayaw,
          biasface_ghost_orc_armoury, chequers_ossuary_entry_cave

Skill      XL: |  1  2  3  4  5 |
---------------+----------------+-----
Short Blades   | 1 2 |  2.2
Dodging        | 3 |  3.0
Fighting       | 3 |  3.4
Armour         | 1 2 |  2.1
Spellcasting   | 2 |  2.1
Shields        | |  4.0

Action                   |  1- 3 |  4- 6 || total
-------------------------+-------+-------++-------
Melee: Dagger            |   153 |    62 ||   215
Throw: Stone             |    76 |     2 ||    78
       Dart              |    15 |    16 ||    31
 Cast: Apportation       |     7 |    27 ||    34
       Searing Ray       |       |     4 ||     4
Invok: Ancestor Identity |       |     1 ||     1
Evoke: Wand              |       |     2 ||     2
  Use: Potion            |     1 |       ||     1
       Scroll            |       |     5 ||     5
 Stab: Sleeping          |     2 |     2 ||     4
Armor: Robe              |    21 |     3 ||    24
       Ring mail         |    21 |    17 ||    38
Dodge: Dodged            |    48 |    20 ||    68
Block: Buckler           |    33 |    14 ||    47

Table legend: (Time is in decaauts)
 A = Elapsed time spent in this place.
 B = Non-inter-level travel time spent in this place.
 C = Inter-level travel time spent in this place.
 D = Time resting spent in this place.
 E = Time spent auto-exploring this place.
 F = Levels seen in this place.
 G = Mean time per level.
                   A        B        C        D        E       F      G
               +--------+--------+--------+--------+--------+-----+--------+
         Total |   3367 |   3163 |    204 |    449 |   1629 |   4 |  841.8 |
       Dungeon |   3367 |   3163 |    204 |    449 |   1629 |   4 |  841.8 |
               +--------+--------+--------+--------+--------+-----+--------+

Top non-repeatable levels by time:
     D:3: 1153 daAuts
     D:2: 1070 daAuts
     D:1: 977 daAuts
     D:4: 165 daAuts
